 Dungeon Crawl Stone Soup version 0.29.1-15-g9cfb28693d (webtiles) character file.

Game seed: 17647772128181948638

77 Barneous the Sneak (level 4, -9/28 HPs)
             Began as an Octopode Wanderer on Mar 24, 2023.
             Killed by divine providence
             ... invoked by an orc priest
              (15 damage)
             ... on level 3 of the Dungeon.
             The game lasted 00:06:27 (2970 turns).

Barneous the Sneak (Octopode Wanderer)              Turns: 2970, Time: 00:06:28

Health: -9/28      AC:  1    Str:  8    XL:     4   Next: 33%
Magic:  2/6        EV: 13    Int: 19    God:
Gold:   152        SH:  0    Dex: 11    Spells: 1/6 levels left

rFire   . . .      SeeInvis .   a - +1 dagger
rCold   . . .      Faith    .   (no shield)
rNeg    . . .      Spirit   .   (helmet restricted)
rPois   .          Reflect  .   (no amulet)
rElec   .          Harm     .   (no ring)
rCorr   .          Rampage  .   (no ring)
Will    .....                   (no ring)
Stlth   ++++......              (no ring)
HPRegen 0.09/turn               (no ring)
MPRegen 0.10/turn               (no ring)
                                (no ring)
                                (no ring)

@: very slightly contaminated, slowed, very slow
A: almost no armour, amphibious, 8 rings, camouflage 1, gelatinous body 1,
(nimble swimmer 1), tentacles
a: no special abilities


You were on level 3 of the Dungeon.
You visited 1 branch of the dungeon, and saw 3 of its levels.

You collected 152 gold pieces.

Inventory:

Hand Weapons
 a - a +1 dagger (weapon)
Missiles
 b - an atropa-tipped dart (quivered)
 c - a datura-tipped dart
 l - 3 poisoned darts
Jewellery
 p - a ring of ice
Scrolls
 e - 2 scrolls of teleportation
 m - a scroll of butterflies {unknown}
 n - a scroll of enchant armour {unknown}
 o - a scroll of vulnerability {unknown}
Potions
 d - a potion of brilliance {unknown}
 f - a potion of degeneration {unknown}
 g - 2 potions of lignification {unknown}
 h - 3 potions of heal wounds {unknown}
 i - a potion of magic {unknown}
 j - 2 potions of ambrosia {unknown}
 k - 2 potions of curing


   Skills:
 + Level 1.0 Fighting
 * Level 1.2 Short Blades
 + Level 2.1 Dodging
 + Level 5.1 Stealth
 * Level 1.3 Unarmed Combat
 * Level 1.6 Spellcasting
 + Level 3.2 Transmutations


You had one spell level left.
You knew the following spells:

 Your Spells              Type           Power      Damage    Failure   Level
a - Beastly Appendage     Tmut           28%        N/A       4%          1
b - Cause Fear            Hex            0%         N/A       86%         4

Your spell library contained the following spells:

 Spells                   Type           Power      Damage    Failure   Level
 Ignite Poison            Fire/Tmut/Pois 5%         N/A       32%         3
 Inner Flame              Hex/Fire       1%         N/A       45%         3
 Dispersal                Tloc           0%         N/A       100%        6
 Discord                  Hex            0%         N/A       100%        8
 Disjunction              Tloc           0%         N/A       100%        8


Dungeon Overview and Level Annotations

Branches:
Dungeon (3/15)

Altars:


Innate Abilities, Weirdness & Mutations

You cannot wear most types of armour.
You are amphibious.
You can wear up to eight rings at the same time.
Your skin changes colour to match your surroundings (Stealth+).
Your rubbery body absorbs attacks. (AC +1, EV +1)
((You are camouflaged when in or above water. (Stealth+)))
You have tentacles for arms and can constrict up to eight enemies at once.


Message History

You constrict the orc priest, but do no damage.
The orc priest escapes!
You closely miss the orc priest. Your grab misses the orc priest.
Your squeeze misses the orc priest.
The orc priest is heavily wounded.
The orc priest misses you.
The orc priest hits you with a +0 dagger.
You barely miss the orc priest. Your grab misses the orc priest.
The orc priest is heavily wounded.
An orc comes into view. It is wielding a +0 dagger.
The orc priest begins to cast a cantrip, but forgets the words!
The orc priest completely misses you.
You feel better.
The orc shouts!
The orc priest closely misses you. x2
Cast which spell? (? or * to list)
The spell is astonishingly dangerous to miscast (86% risk of failure)!
Continue anyway?
Casting: Cause Fear (astonishingly dangerous; 86% risk of failure)
Press: ? - help, Dir - look around, f - activate You miscast Cause Fear.
You are very lightly contaminated with residual magic.
You feel enfeebled.
You feel yourself slow down. The orc priest barely misses you.
The orc priest invokes the aid of Beogh against you.
Pain shoots through your body!
You barely miss the orc priest. You grab the orc priest.
The orc priest is heavily wounded.
You constrict the orc priest, but do no damage.
The orc priest hits you with a +0 falchion.
The orc priest calls upon Beogh to heal the orc priest.
The orc priest is healed somewhat.
You hit the orc priest but do no damage.
The orc priest is moderately wounded.
You constrict the orc priest, but do no damage.
The orc priest hits you with a +0 falchion!
* * * LOW HITPOINT WARNING * * *
The orc priest invokes the aid of Beogh against you.
Beogh smites you!
Ouch! That really hurt!
You die...

### g. .#
###o#.###
#@ooo...# ####
#o###[#.#
...?.####.##
##........# ###.#
#.....)#..##......
##...........# #.#
##.##.#..#..#....
## ..
#.#..#..#.#.# ..
... #.#..#....#.#
.#


You could see 2 orc priests and 3 orcs.

Vanquished Creatures
  An adder (D:2)
  3 dart slugs
  An orc (D:3)
  7 ball pythons
  3 bats
  8 endoplasms
  2 giant cockroaches
  6 hobgoblins
  6 kobolds
  3 quokkas
  7 goblins
  6 rats
53 creatures vanquished.

Notes
Turn   | Place    | Note
-------+----------+-------------------------------------------
     0 | D:1      | Barneous the Octopode Wanderer began the quest for the Orb.
     0 | D:1      | Barneous set off with the following items: a +0 dagger, an
                  | atropa-tipped dart, a datura-tipped dart, a potion of
                  | attraction, a scroll of teleportation; and the following
                  | spell memorised: Beastly Appendage; and the following
                  | spells available to memorise: Ignite Poison.
     0 | D:1      | Reached XP level 1. HP: 13/13 MP: 2/2
   421 | D:1      | Reached XP level 2. HP: 10/18 MP: 3/3
  1224 | D:1      | Reached skill level 1 in Unarmed Combat
  1224 | D:1      | Reached XP level 3. HP: 23/23 MP: 4/4
  1803 | D:2      | Reached skill level 5 in Stealth
  2400 | D:3      | Reached skill level 1 in Short Blades
  2411 | D:3      | Reached XP level 4. HP: 18/28 MP: 6/6
  2536 | D:3      | Learned a level 4 spell: Cause Fear
  2970 | D:3      | Killed from afar by an orc priest

Illustrated notes

Levels and vault maps discovered:
D:1:      giann_horns, layout_basic, corexii_corridor_pit
D:2:      layout_loops_ring, roderic_lattice_a
D:3:      layout_loops_ring, minmay_misc_feat_roman, minmay_goblin_kobold_house,
          uniq_crazy_yiuf_cottage

Skill      XL: |  1  2  3 |
---------------+----------+-----
Unarmed Combat | 1 |  1.3
Stealth        | 5 |  5.1
Short Blades   | 1 |  1.2
Fighting       | |  1.0
Dodging        | |  2.1
Spellcasting   | |  1.6
Transmutations | |  3.2

Action                   |  1- 3 |  4- 6 || total
-------------------------+-------+-------++-------
Melee: Dagger            |    85 |    40 ||   125
       Constrict         |    13 |     8 ||    21
       Tentacles         |    12 |     7 ||    19
       Punch             |       |     2 ||     2
  Use: Scroll            |     5 |       ||     5
       Potion            |       |     1 ||     1
 Stab: Sleeping          |    17 |     5 ||    22
Armor: Skin              |     3 |     6 ||     9
Dodge: Dodged            |    55 |    17 ||    72
